 Dungeon Crawl Stone Soup version 0.25.1-1-g288607f5aa (webtiles) character file.

Game seed: 7342889204002177416

274644 r0y the Hoplite (level 20, -7/137 HPs)
             Began as a Gargoyle Fighter on July 24, 2020.
             Was the Champion of Okawaru.
             Splashed with acid (23 damage)
             ... on level 1 of the Pits of Slime on July 25, 2020.
             The game lasted 03:13:06 (41831 turns).

r0y the Hoplite (Gargoyle Fighter)                 Turns: 41831, Time: 03:13:06

Health: -7/137     AC: 50    Str: 51    XL:     20   Next: 32%
Magic:  29/29      EV: 11    Int:  6    God:    Okawaru [******]
Gold:   1506       SH: 17    Dex:  6    Spells: 19/19 levels left

rFire    + + .     SeeInvis .   x - +6 flail of Woe {protect, +Fly rElec MR++}
rCold    + . .     Gourm    .   Z - +3 buckler {AC+3}
rNeg     + + .     Faith    .   n - +0 plate armour of Puqamifu {MP+9 Str+7}
rPois    ∞         Spirit   .   T - +2 hat {MR+}
rElec    +         Reflect  +   p - +0 cloak "Ypnoacw" {Str+8 Int-5 Dex-3 Slay+5}
rCorr    .         Harm     .   m - +2 pair of gloves {Str+3}
MR       +++++                  c - +2 pair of boots {Stlth+}
Stlth    ..........             E - amulet of Ceaveo {Reflect rElec rF+ MR++ SH+5}
HPRegen  0.32/turn              X - +4 ring of protection
MPRegen  0.21/turn              v - ring of Ephemeral Luck {rF+ rC+ rN+ Str+6}

@: flying, studying 2 skills
A: big wings, blurry vision 1, negative energy resistance 1, electricity
resistance, unbreathing, petrification resistance, rot immunity, AC +15
}: 2/15 runes: decaying, serpentine
a: Stop Flying, Heroism, Finesse, Renounce Religion


You were on level 1 of the Pits of Slime.
You worshipped Okawaru.
Okawaru was exalted by your worship.
You were not hungry.

You visited 8 branches of the dungeon, and saw 32 of its levels.

You collected 3073 gold pieces.
You spent 1567 gold pieces at shops.

Inventory:

Hand Weapons
 j - the +0 great mace "Wogiasoh" {protect, rElec}
   (You bought it in a shop on level 8 of the Dungeon)

   It grants its wielder temporary protection when it strikes (+7 to AC).
   It insulates you from electricity.
 x - the +6 flail of Woe (weapon) {protect, +Fly rElec MR++}
   (You found it on level 8 of the Dungeon)

   It grants its wielder temporary protection when it strikes (+7 to AC).
   It insulates you from electricity.
   It affects your resistance to hostile enchantments.
   It lets you fly.
 Q - the +7 hand crossbow "Qamabir" {elec, Int+4 Dex-2, unknown}
   (You found it on level 3 of the Elven Halls)

   It charges the ammunition it shoots with electricity; occasionally upon a
   hit, such missiles may discharge and cause terrible harm.
   It affects your intelligence (+4).
   It affects your dexterity (-2).
Missiles
 e - 7 curare-tipped darts
 k - 5 atropa-tipped darts (quivered)
 t - 4 boomerangs of dispersal
Armour
 c - a +2 pair of boots of stealth (worn)
 d - the +4 ring mail of Shielding {rF++}
   (Okawaru gifted it to you on level 4 of the Snake Pit)

   It greatly protects you from fire.
 m - a +2 pair of gloves of strength (worn)
 n - the +0 plate armour of Puqamifu (worn) {MP+9 Str+7}
   (You found it on level 3 of the Elven Halls)

   It affects your strength (+7).
   It affects your magic capacity (+9).
 p - the +0 cloak "Ypnoacw" (worn) {Str+8 Int-5 Dex-3 Slay+5}
   (You found it on level 3 of the Lair of Beasts)

   It affects your strength (+8).
   It affects your intelligence (-5).
   It affects your dexterity (-3).
   It affects your accuracy and damage with ranged weapons and melee attacks
   (+5).
 w - a +2 cloak of poison resistance
 z - the +10 tower shield of Ignorance {rN+ Int-4}
   (You found it on level 3 of the Snake Pit)

   It affects your intelligence (-4).
   It protects you from negative energy.
 S - a +2 hat of see invisible
 T - a +2 hat of magic resistance (worn)
 Z - a +3 buckler of protection (worn)
Jewellery
 s - an uncursed ring of see invisible
 u - an uncursed ring of protection from fire
 v - the ring of Ephemeral Luck (right hand) {rF+ rC+ rN+ Str+6}
   (You took it off a deep elf demonologist on level 3 of the Elven Halls)

   [ring of positive energy]

   It affects your strength (+6).
   It protects you from fire.
   It protects you from cold.
   It protects you from negative energy.
 E - the amulet of Ceaveo (around neck) {Reflect rElec rF+ MR++ SH+5}
   (You bought it in a shop on level 1 of the Snake Pit)

   [amulet of reflection]

   It shields you and reflects attacks.
   It protects you from fire.
   It insulates you from electricity.
   It affects your resistance to hostile enchantments.
   It affects your SH (+5).
 W - an uncursed ring of resist corrosion
 X - a +4 ring of protection (left hand)
Wands
 o - a wand of acid (17)
 r - a wand of disintegration (40)
 y - a wand of enslavement (9)
 C - a wand of flame (28)
 G - a wand of digging (14)
 L - a wand of random effects (45)
 N - a wand of paralysis (7)
 P - a wand of clouds (20)
 R - a wand of iceblast (17)
Scrolls
 b - 2 scrolls of identify
 g - 5 scrolls of teleportation
 h - 9 scrolls of remove curse
 l - 8 scrolls of enchant weapon
 D - 9 scrolls of magic mapping
 H - 2 scrolls of enchant armour
 U - 3 scrolls of fog
 V - a scroll of holy word
 Y - 4 scrolls of summoning
Potions
 i - 2 potions of mutation
 A - 5 potions of invisibility
 B - 3 potions of magic
 J - 5 potions of brilliance
 K - 4 potions of haste
 M - 3 potions of stabbing
Books
 F - a manual of Polearms
 I - a manual of Axes
Miscellaneous
 a - 2 phantom mirrors
 q - a lightning rod (4/4)
 O - a box of beasts
Comestibles
 f - 29 rations


   Skills:
 + Level 18.6 Fighting
 + Level 15.0 Maces & Flails
 + Level 1.5 Throwing
 + Level 15.4 Armour
 + Level 7.0 Dodging
 + Level 22.5 Shields
 + Level 0.2 Evocations


You had 19 spell levels left.
You didn't know any spells.
Your spell library contained the following spells:

 Spells                   Type           Power        Failure   Level  Hunger
 Animate Skeleton         Necr           N/A          80%         1    ##.....
 Beastly Appendage        Tmut           #.....       80%         1    ##.....
 Corona                   Hex            #......      80%         1    ##.....
 Foxfire                  Conj/Fire      #...         80%         1    ##.....
 Freeze                   Ice            #...         80%         1    ##.....
 Pain                     Necr           #...         80%         1    ##.....
 Sandblast                Erth           #.....       80%         1    ##.....
 Corpse Rot               Necr/Air       N/A          90%         2    ###....
 Ensorcelled Hibernation  Hex/Ice        #.....       90%         2    ###....
 Passwall                 Tmut/Erth      #.......     90%         2    ###....
 Sticks to Snakes         Tmut           #.......     90%         2    ###....
 Confusing Touch          Hex            #.......     99%         3    ####...
 Dazzling Flash           Conj/Hex       #.....       99%         3    ####...
 Frozen Ramparts          Ice            #.....       99%         3    ####...
 Gell's Gravitas          Tloc           #.........   99%         3    ####...
 Ozocubu's Armour         Chrm/Ice       #.......     99%         3    ####...
 Spider Form              Tmut/Pois      #.........   99%         3    ####...
 Stone Arrow              Conj/Erth      #.....       99%         3    ####...
 Tukima's Dance           Hex            #.......     99%         3    ####...
 Vampiric Draining        Necr           #.........   99%         3    ####...
 Animate Dead             Necr           N/A          100%        4    #####..
 Cause Fear               Hex            #.........   100%        4    #####..
 Dispel Undead            Necr           #.......     100%        4    #####..
 Hailstorm                Conj/Ice       #.......     100%        4    #####..
 Ice Form                 Ice/Tmut       #.......     100%        4    #####..
 Petrify                  Tmut/Erth      #.......     100%        4    #####..
 Summon Ice Beast         Ice/Summ       #.......     100%        4    #####..
 Agony                    Necr           #.......     100%        5    ######.
 Blade Hands              Tmut           #.........   100%        5    ######.
 Excruciating Wounds      Chrm/Necr      #.........   100%        5    ######.
 Lee's Rapid Deconstruct  Erth           #.........   100%        5    ######.
 Metabolic Englaciation   Hex/Ice        #.........   100%        5    ######.
 Silence                  Hex/Air        #.........   100%        5    ######.
 Yara's Violent Unravell  Hex/Tmut       #.........   100%        5    ######.
 Simulacrum               Ice/Necr       #.........   100%        6    #######
 Dragon Form              Tmut           #.........   100%        7    #######
 Discord                  Hex            #.........   100%        8    #######
 Dragon's Call            Summ           #.........   100%        9    #######
 Sublimation of Blood     Necr           Unusable     N/A         2    N/A

Dungeon Overview and Level Annotations

Branches:
Dungeon (11/15)            Temple (1/1) D:5            Lair (6/6) D:11
  Swamp (4/4) Lair:3        Snake (4/4) Lair:3        Slime (1/5) Lair:6
    Orc (2/2) D:10            Elf (3/3) Orc:2

Altars:
Ashenzari
Cheibriados
Dithmenos
Elyvilon
Fedhas
Gozag
Hepliaklqana
Kikubaaqudgha
Makhleb
Nemelex Xobeh
Okawaru
Qazlal
Ru
Sif Muna
Trog
Uskayaw
Vehumet
Wu Jian
Xom
Yredelemnul
Zin
The Shining One
Jiyva

Shops:
D:8 (   D:10 %%**   D:11 *   Orc:1 (   Orc:2 **(=[   Elf:3 %%*:   Snake:1 %*=
Snake:2 }==

Annotations:
D:10 2 runed translucent doors
Swamp:3 3 runed translucent doors, Zoigrime's ghost, adept FoFi


Innate Abilities, Weirdness & Mutations

You are resistant to torment.
Your stone body is resilient. (AC +15)
You are immune to poison.
Your large and strong wings let you fly indefinitely.
You resist negative energy. (rN+)
You are resistant to electric shocks. (rElec)
You can survive without breathing.
You are immune to petrification.
You are immune to rotting.
Scrolls take you a little longer to read.


Message History

You bludgeon the slime creature!!
You kill the slime creature!
Okawaru accepts your kill.
No target in view!
There is a staircase back to the Lair here.
Partly explored, can't reach some places.
Partly explored, can't reach some places.
Partly explored, can't reach some places.
You are splashed with acid!
You are splashed with acid!
You are splashed with acid!!
You are splashed with acid!!
You are splashed with acid!!!
You are splashed with acid!!
* * * LOW HITPOINT WARNING * * *
You are splashed with acid!
* * * LOW HITPOINT WARNING * * *
You begin reading the scroll.
You continue reading the scroll.
You are splashed with acid!!
You die...

...#..................#
..#..................##
.............#.....###
..#.........##......#
####.....#.##......##
#.....##.##.....##
#...#.##...##.....###
##.####...#####.....##
## #.## ##@#....# ##
#...#..## ##.#...#
####.## ##


There were no monsters in sight!

Vanquished Creatures
  Bai Suzhen (Swamp:4)
  A tentacled monstrosity (Swamp:4)
  3 deep elf blademasters
  Asterion (Lair:3)
  3 deep elf master archers
  2 thorn hunters
  Kirke (Swamp:4)
  The ghost of Keoguots the Thaumaturge, an adept GnSk of Makhleb (Swamp:1)
  8 nagarajas
  A frost giant (Elf:2)
  A fire giant (Elf:2)
  5 deep elf sorcerers
  3 orc warlords (Elf:2)
  Aizul (Snake:1)
  3 deep elf elementalists (Elf:3)
  A stone giant (Elf:2)
  9 deep elf demonologists
  A very ugly thing (Swamp:4)
  4 deep elf annihilators
  Azrael (Lair:3)
  5 dire elephants (Lair:6)
  The ghost of qipq the Nimble, a journeyman FeVM of Vehumet (Elf:2)
  2 green deaths (Swamp:4)
  Snorg (Orc:1)
  3 deep elf death magi (Elf:3)
  2 deep elf high priests (Elf:3)
  Fannar (D:11)
  The ghost of Ceyvaan the Thaumaturge, a journeyman DEFE of Sif Muna (Lair:3)
  An ice dragon (Swamp:2)
  10 naga warriors
  Erolcha (D:10)
  16 hydras
  3 ghost crabs
  11 anacondas
  2 shambling mangroves
  28 dancing weapons
  4 death yaks (Lair:2)
  15 alligators
  A tengu warrior (Elf:2)
  2 two-headed ogres
  Urug (D:10)
  2 thrashing horrors (Swamp:4)
  5 orc high priests
  18 naga sharpshooters
  3 shock serpents
  A spriggan (Swamp:3)
  A large abomination (Swamp:4)
  Sonja (Orc:1)
  A salamander mystic (Snake:3)
  19 deep elf knights
  An unseen horror (D:11)
  A wizard (Elf:1)
  8 naga ritualists
  7 swamp dragons
  4 mana vipers
  An orange crystal statue (D:10)
  14 deep elf archers
  Pikel (D:9)
  2 orc sorcerers (Orc:1)
  4 ugly things
  2 orc knights (Orc:1)
  A faun (shapeshifter) (Elf:1)
  59 deep elf magi
  13 salamanders
  2 cyclopes (D:11)
  A shining eye (Slime:1)
  22 black mambas
  16 elephants
  23 naga magi
  A guardian serpent (Snake:3)
  A torpor snail (Lair:2)
  A water nymph (shapeshifter) (Elf:1)
  9 spiny frogs
  2 rime drakes
  12 komodo dragons
  A kobold demonologist (Elf:1)
  The ghost of qipq the Magician, a novice OpFE (D:4)
  3 polar bears
  A troll (D:11)
  10 tyrant leeches
  8 hornets
  39 slime creatures
  12 bog bodies
  30 blink frogs
  8 hippogriffs
  10 dream sheep
  27 yaks
  A water elemental (Elf:3)
  2 air elementals (Elf:1)
  5 shadows (Swamp:4)
  2 basilisks
  11 fire elementals
  A human (D:9)
  5 hogs
  4 wyverns (Lair:5)
  Eustachio (D:6)
  17 vampire mosquitoes
  The ghost of mmigdal the Chopper, an amateur DsBe of Trog (D:4)
  A hungry ghost (D:7)
  46 nagas
  5 insubstantial wisps (Swamp:2)
  16 swamp worms
  The ghost of Ethylacetat the Gusty, an amateur OpAE (D:4)
  10 water moccasins
  2 floating eyes (Elf:1)
  12 porcupines
  A hell hound (Lair:3)
  7 swamp drakes
  3 ice beasts
  A slave (D:9)
  A necrophage (D:7)
  4 black bears (D:11)
  5 wolves (Lair:4)
  6 ogres
  32 orc warriors
  A boggart (Elf:1)
  9 centaurs
  12 crocodiles
  13 bullfrogs
  4 earth elementals
  A water moccasin skeleton (D:10)
  4 scorpions
  3 killer bees (D:6)
  13 wights
  A howler monkey (D:5)
  4 crimson imps
  2 bullfrog zombies (D:7)
  2 quasits (D:9)
  3 hounds
  28 orc priests
  3 bullfrog skeletons
  3 jellies
  38 orc wizards
  4 iguanas
  6 hell rats (Lair:2)
  6 worker ants
  2 hound skeletons
  2 howler monkey zombies
  2 worker ant zombies
  7 gnolls
  A howler monkey skeleton (D:6)
  17 adders
  2 shadow imps (D:8)
  An ooze (D:2)
  An adder skeleton (D:5)
  An adder zombie (D:5)
  5 worms
  5 dart slugs
  5 leopard geckos
  112 orcs
  12 bats
  5 giant cockroaches
  8 hobgoblins
  12 kobolds
  6 quokkas
  9 frilled lizards
  7 goblins
  A leopard gecko skeleton (D:8)
  A leopard gecko zombie (D:6)
  A quokka skeleton (D:4)
  11 rats
  2 briar patches (Swamp:3)
  2 crawling corpses (Elf:3)
  A fungus (Elf:1)
  5 plants
1180 creatures vanquished.

Vanquished Creatures (collateral kills)
  A naga mage (Snake:4)
  A naga (Snake:4)
  4 orc priests (Orc:2)
  An orc wizard (Orc:2)
  An orc (Orc:2)
  2 briar patches (Swamp:3)
10 creatures vanquished.

Vanquished Creatures (others)
  3 deep elf magi
  A naga mage (Snake:4)
  4 blink frogs (Swamp:3)
  A bog body (Swamp:1)
  A spriggan (Swamp:3)
  A naga (Snake:1)
  A swamp worm (Swamp:1)
  3 slaves (D:9)
  A swamp drake (Swamp:3)
  An orc priest (D:9)
  3 orcs
  3 briar patches (Swamp:4)
  4 fungi (D:11)
  5 plants (Lair:6)
32 creatures vanquished.

Grand Total: 1222 creatures vanquished

Notes
Turn   | Place    | Note
-------+----------+-------------------------------------------
     0 | D:1      | r0y the Gargoyle Fighter began the quest for the Orb.
     0 | D:1      | Reached XP level 1. HP: 14/14 MP: 1/1
   275 | D:1      | Reached XP level 2. HP: 19/19 MP: 2/2
   779 | D:1      | Reached XP level 3. HP: 23/23 MP: 3/3
  1188 | D:2      | Reached XP level 4. HP: 28/28 MP: 4/4
  1644 | D:2      | Reached skill level 5 in Maces & Flails
  1653 | D:2      | Reached XP level 5. HP: 31/32 MP: 5/5
  2320 | D:3      | Found a white marble altar of Elyvilon.
  2591 | D:2      | Reached XP level 6. HP: 33/37 MP: 6/6
  3353 | D:4      | Reached XP level 7. HP: 33/41 MP: 7/7
  3470 | D:4      | Found a shimmering altar of Xom.
  3484 | D:4      | Found a glowing golden altar of the Shining One.
  3485 | D:4      | Found a bloodstained altar of Trog.
  3485 | D:4      | Found a hide-covered altar of Uskayaw.
  3678 | D:4      | Found a blossoming altar of Fedhas.
  3744 | D:4      | Found a runed translucent gate.
  3744 | D:4      | Found a runed translucent gate.
  3744 | D:4      | Found a runed translucent gate.
  3744 | D:4      | Noticed Ethylacetat's ghost (amateur OpAE)
  3745 | D:4      | Noticed mmigdal's ghost (amateur DsBe)
  3745 | D:4      | Noticed qipq's ghost (novice OpFE)
  3789 | D:4      | Killed qipq's ghost
  3795 | D:4      | Killed Ethylacetat's ghost
  3795 | D:4      | Reached XP level 8. HP: 31/48 MP: 8/8
  3800 | D:4      | Killed mmigdal's ghost
  3945 | D:5      | Entered Level 5 of the Dungeon
  4244 | D:5      | Reached skill level 10 in Maces & Flails
  4563 | D:5      | Found a staircase to the Ecumenical Temple.
  4583 | Temple   | Entered the Ecumenical Temple
  4797 | Temple   | Became a worshipper of Warmaster Okawaru
  4864 | D:5      | Found a sacrificial altar of Ru.
  4968 | D:6      | Noticed Eustachio
  4992 | D:6      | Killed Eustachio
  5071 | D:6      | Reached skill level 5 in Fighting
  5071 | D:6      | Reached XP level 9. HP: 54/54 MP: 9/9
  5384 | D:6      | Reached * piety under Okawaru
  6289 | D:6      | Reached ** piety under Okawaru
  6320 | D:6      | Reached skill level 4 in Shields
  6834 | D:8      | Reached skill level 5 in Shields
  6840 | D:8      | Reached XP level 10. HP: 58/60 MP: 10/10
  6986 | D:8      | Reached skill level 1 in Dodging
  6994 | D:8      | Got a dazzling flail
  7229 | D:8      | Identified the +6 flail of Woe {protect, +Fly rElec MR++}
                  | (You found it on level 8 of the Dungeon)
  7339 | D:8      | Found Wurots's Antique Weapon Shoppe.
  7347 | D:8      | Bought a shimmering great mace for 207 gold pieces
  7396 | D:8      | Found a stormy altar of Qazlal.
  7408 | D:8      | Found a burning altar of Makhleb.
  7414 | D:8      | Identified the cursed +0 great mace "Wogiasoh" {protect,
                  | rElec} (You bought it in a shop on level 8 of the Dungeon)
  7428 | D:8      | Found an ornate altar of the Wu Jian Council.
  7431 | D:8      | Found a shadowy altar of Dithmenos.
  7602 | D:9      | Reached *** piety under Okawaru
  7634 | D:9      | Noticed Pikel
  7651 | D:9      | Killed Pikel
  7651 | D:9      | Reached skill level 5 in Armour
  7651 | D:9      | Reached skill level 6 in Shields
  7945 | D:9      | Found a shimmering altar of Xom.
  7945 | D:9      | Found a shimmering altar of Xom.
  7946 | D:9      | Found a shimmering altar of Xom.
  7947 | D:9      | Found a shimmering altar of Xom.
  7949 | D:9      | Found a shimmering altar of Xom.
  7949 | D:9      | Found a shimmering altar of Xom.
  7950 | D:9      | Found a shimmering altar of Xom.
  8050 | D:9      | Noticed a deep troll
  8095 | D:9      | Reached **** piety under Okawaru
  8095 | D:9      | Reached skill level 7 in Shields
  8207 | D:9      | Noticed an ice dragon
  8231 | D:10     | Entered Level 10 of the Dungeon
  8382 | D:10     | Found a staircase to the Orcish Mines.
  8423 | D:10     | Found Kygi's Food Shoppe.
  8468 | D:10     | Found Mideibyu's Food Emporium.
  8607 | D:10     | Found Ocleimupt's Assorted Antiques.
  8691 | D:10     | Found a runed translucent door.
  8697 | D:10     | Found a runed translucent door.
  8700 | D:10     | Noticed an orange crystal statue
  8701 | D:10     | Noticed Erolcha
  8706 | D:10     | Killed Erolcha
  8706 | D:10     | Reached ***** piety under Okawaru
  8706 | D:10     | Reached XP level 11. HP: 62/68 MP: 11/11
  8720 | D:10     | Found a runed translucent door.
  8727 | D:10     | Found a runed translucent door.
  9222 | D:10     | Found Oddacvir's General Store.
  9629 | D:10     | Killed an orange crystal statue
  9629 | D:10     | Reached skill level 8 in Shields
  9794 | Orc:1    | Entered Level 1 of the Orcish Mines
  9797 | Orc:1    | Noticed a two-headed ogre
  9797 | Orc:1    | Noticed an orc high priest
  9798 | Orc:1    | Noticed Urug
  9801 | Orc:1    | Noticed a soul eater
  9812 | D:10     | Killed a two-headed ogre
  9881 | Orc:1    | Noticed a soul eater
  9903 | D:10     | Noticed a soul eater
  9917 | D:10     | Killed an orc high priest
  9917 | D:10     | Received a gift from Okawaru
 10072 | D:10     | Killed Urug
 10072 | D:10     | Received a gift from Okawaru
 10158 | Orc:1    | Reached skill level 9 in Shields
 10187 | Orc:1    | Found Ytic's Antique Weapon Boutique.
 10247 | Orc:1    | Bought a demon whip for 435 gold pieces
 10534 | Orc:1    | Noticed Sonja
 10550 | Orc:1    | Killed Sonja
 10773 | Orc:2    | Entered Level 2 of the Orcish Mines
 10773 | Orc:2    | Found a staircase to the Elven Halls.
 10775 | Orc:2    | Noticed an orc knight
 10843 | Orc:1    | Killed an orc knight
 10999 | Orc:2    | Found Mimpaechom's Antique Armour Shop.
 11001 | Orc:2    | Noticed an orc knight
 11012 | Orc:2    | Noticed an orc sorcerer
 11062 | Orc:1    | Killed an orc knight
 11062 | Orc:1    | Reached XP level 12. HP: 45/76 MP: 12/12
 11251 | Orc:2    | Reached skill level 10 in Shields
 11386 | Orc:2    | Noticed an orc high priest
 11391 | Orc:2    | Noticed Snorg
 11392 | Orc:2    | Noticed an orc high priest
 11746 | Orc:1    | Killed Snorg
 11838 | Orc:2    | Noticed an orc high priest
 11845 | Orc:1    | Killed an orc high priest
 11845 | Orc:1    | Reached ****** piety under Okawaru
 12128 | Orc:1    | Killed an orc high priest
 12243 | Orc:2    | Noticed a soul eater
 12737 | Orc:2    | Killed an orc high priest
 12825 | Orc:2    | Noticed a sun demon
 12861 | Orc:2    | Noticed an orc high priest
 13054 | Orc:2    | Killed an orc high priest
 13068 | Orc:2    | Noticed a sun demon
 13090 | Orc:1    | Reached skill level 11 in Shields
 13149 | Orc:2    | Found Oqaudushra's Jewellery Boutique.
 13149 | Orc:2    | Found Nuom's Weapon Boutique.
 13158 | Orc:2    | Found Keorerip's General Store.
 13160 | Orc:2    | Found Diecs's Assorted Antiques.
 13164 | Orc:2    | Bought a scroll of identify for 56 gold pieces
 13381 | Elf:1    | Entered Level 1 of the Elven Halls
 13396 | Orc:2    | Received a gift from Okawaru
 13403 | Orc:2    | Reached skill level 10 in Fighting
 13639 | D:11     | Noticed Fannar
 13659 | D:11     | Killed Fannar
 13684 | D:11     | Reached skill level 1 in Throwing
 13710 | D:11     | Found a staircase to the Lair.
 13788 | D:11     | Found a shimmering blue altar of Sif Muna.
 13818 | D:11     | Reached XP level 13. HP: 53/82 MP: 13/13
 13891 | D:11     | Reached skill level 12 in Shields
 14101 | D:11     | Found Jyczos's Assorted Antiques.
 14941 | Lair:1   | Entered Level 1 of the Lair of Beasts
 15160 | Lair:1   | Received a gift from Okawaru
 16253 | Lair:2   | Reached skill level 13 in Shields
 16426 | Lair:2   | Received a gift from Okawaru
 16457 | Lair:2   | Reached skill level 10 in Armour
 17084 | Lair:3   | Gained mutation: Your large and strong wings let you fly
                  | indefinitely. [Gargoyle growth]
 17084 | Lair:3   | Reached XP level 14. HP: 88/92 MP: 14/14
 17130 | Lair:3   | Found a staircase to the Swamp.
 17183 | Lair:3   | Received a gift from Okawaru
 17184 | Lair:3   | Found a staircase to the Snake Pit.
 17351 | Lair:3   | Got a smoking cloak
 17362 | Lair:3   | Identified the +0 cloak "Ypnoacw" {Str+8 Int-5 Dex-3
                  | Slay+5} (You found it on level 3 of the Lair of Beasts)
 17436 | Lair:3   | Found a runed translucent gate.
 17536 | Lair:3   | Reached skill level 14 in Shields
 17615 | Lair:3   | Found a runed translucent gate.
 17615 | Lair:3   | Found a runed translucent gate.
 17618 | Lair:3   | Noticed Ceyvaan's ghost (journeyman DEFE)
 17636 | Lair:3   | Killed Ceyvaan's ghost
 18938 | Lair:6   | Entered Level 6 of the Lair of Beasts
 19221 | Lair:5   | Received a gift from Okawaru
 19540 | Lair:5   | Reached skill level 15 in Shields
 19817 | Lair:6   | Found a viscous altar of Jiyva.
 19817 | Lair:6   | Found a staircase to the Slime Pits.
 20700 | Lair:6   | Noticed a dire elephant
 20700 | Lair:6   | Noticed a dire elephant
 20714 | Lair:6   | Killed a dire elephant
 20714 | Lair:6   | Reached XP level 15. HP: 62/100 MP: 15/15
 20726 | Lair:6   | Received a gift from Okawaru
 21012 | Lair:6   | Reached skill level 16 in Shields
 21304 | Snake:1  | Entered Level 1 of the Snake Pit
 21304 | Snake:1  | Noticed Azrael
 21600 | Swamp:1  | Entered Level 1 of the Swamp
 22381 | Swamp:1  | Found a runed translucent door.
 22381 | Swamp:1  | Found a shimmering altar of Xom.
 22381 | Swamp:1  | Noticed Keoguots's ghost (adept GnSk)
 22387 | Swamp:1  | Received a gift from Okawaru
 22413 | Swamp:1  | Killed Keoguots's ghost
 22630 | Swamp:2  | Found a frozen archway.
 22652 | Swamp:1  | HP: 5/101 [six-headed hydra (7)]
 23222 | Swamp:2  | Got an ancient scale mail
 23233 | Swamp:2  | Identified the +4 scale mail "Woerracw" {rN++ Dex-4} (You
                  | found it on level 2 of the Swamp)
 23437 | Swamp:2  | Reached skill level 17 in Shields
 23997 | Swamp:3  | Reached XP level 16. HP: 99/107 MP: 16/16
 24053 | Swamp:3  | Reached skill level 15 in Fighting
 24183 | Swamp:3  | Found a runed translucent gate.
 24183 | Swamp:3  | Found a runed translucent gate.
 24184 | Swamp:3  | Found a runed translucent gate.
 24185 | Swamp:3  | Noticed Zoigrime's ghost (adept FoFi)
 24374 | Swamp:3  | Noticed Bai Suzhen
 24406 | Swamp:4  | Entered Level 4 of the Swamp
 24606 | Swamp:4  | Killed Bai Suzhen
 24680 | Swamp:3  | Received a gift from Okawaru
 24856 | Swamp:3  | Noticed a thorn hunter
 24872 | Swamp:3  | Killed a thorn hunter
 25078 | Swamp:4  | Noticed a thorn hunter
 25083 | Swamp:4  | Received a gift from Okawaru
 25106 | Swamp:4  | Killed a thorn hunter
 25274 | Swamp:4  | Reached skill level 18 in Shields
 25572 | Swamp:4  | Noticed Kirke
 25585 | Swamp:4  | Killed Kirke
 25949 | Swamp:4  | Noticed a tentacled monstrosity
 25985 | Swamp:4  | Killed a tentacled monstrosity
 26171 | Swamp:4  | Received a gift from Okawaru
 26233 | Swamp:4  | Got a decaying rune of Zot
 26622 | Lair:3   | Killed Azrael
 26622 | Lair:3   | Reached XP level 17. HP: 73/115 MP: 17/17
 26943 | Snake:1  | Found Imupiept's General Store.
 26977 | Snake:1  | Found Quissy's Food Shop.
 27004 | Snake:1  | Noticed Aizul
 27043 | Snake:1  | Killed Aizul
 27236 | Snake:1  | Found Waskirch's Jewellery Shop.
 27240 | Snake:1  | Noticed Asterion
 27284 | Lair:3   | Killed Asterion
 27444 | Snake:1  | Reached skill level 19 in Shields
 27451 | Snake:1  | Bought the amulet of Ceaveo {Reflect rElec rF+ MR++ SH+5}
                  | for 772 gold pieces
 28246 | Snake:2  | Found Awicwem's Jewellery Boutique.
 28247 | Snake:2  | Found Kacibukugh's Gadget Emporium.
 28248 | Snake:2  | Found Jusetterch's Jewellery Boutique.
 28783 | Snake:2  | Received a gift from Okawaru
 29364 | Snake:3  | Found the +10 tower shield of Ignorance {rN+ Int-4}
 30230 | Snake:4  | Entered Level 4 of the Snake Pit
 30340 | Snake:4  | Reached skill level 20 in Shields
 30654 | Snake:4  | Received a gift from Okawaru
 30654 | Snake:4  | Reached XP level 18. HP: 82/122 MP: 18/18
 31026 | Snake:4  | Found Foxewk's Distillery.
 31754 | Snake:4  | Got a serpentine rune of Zot
 32003 | Snake:4  | Received a gift from Okawaru
 32003 | Snake:4  | Reached skill level 15 in Armour
 32016 | Snake:4  | Got a smoking ring mail {god gift}
 32027 | Snake:4  | Identified the +4 ring mail of Shielding {rF++} (Okawaru
                  | gifted it to you on level 4 of the Snake Pit)
 32054 | Snake:4  | Found a shimmering altar of Xom.
 33019 | Elf:1    | Paralysed by a floating eye for 2 turns
 33039 | Elf:1    | Paralysed by a floating eye for 2 turns
 33055 | Elf:1    | Paralysed by a floating eye for 3 turns
 33198 | Elf:1    | HP: 1/124 [deep elf mage/shard of ice[a boggart] (20)]
 33686 | Elf:1    | Reached skill level 21 in Shields
 34098 | Elf:1    | Reached skill level 5 in Dodging
 34444 | Elf:2    | Reached XP level 19. HP: 112/129 MP: 19/19
 34570 | Elf:2    | Received a gift from Okawaru
 34573 | Elf:2    | Got a blackened mace {god gift}
 34575 | Elf:2    | Identified the +0 mace of the Unliving {speed, *Slow MP+9
                  | Str+3 SInv} (Okawaru gifted it to you on level 2 of the
                  | Elven Halls)
 34730 | Elf:2    | Found a runed translucent gate.
 34731 | Elf:2    | Found a runed translucent gate.
 34742 | Elf:2    | Found a runed translucent gate.
 34742 | Elf:2    | Noticed qipq's ghost (journeyman FeVM)
 34745 | Elf:2    | Found an iron altar of Okawaru.
 34977 | Elf:2    | Found a huge runed translucent gate.
 34977 | Elf:2    | Found a huge runed translucent gate.
 34977 | Elf:2    | Found a huge runed translucent gate.
 34977 | Elf:2    | Found a huge runed translucent gate.
 34978 | Elf:2    | Found a huge runed translucent gate.
 36384 | Elf:2    | Killed qipq's ghost
 36871 | Elf:2    | Received a gift from Okawaru
 36943 | Elf:2    | Got a warped scale mail {god gift}
 36954 | Elf:2    | Identified the +0 scale mail of Roatuon {*Corrode Dex+4
                  | SInv} (Okawaru gifted it to you on level 2 of the Elven
                  | Halls)
 36984 | Elf:3    | Entered Level 3 of the Elven Halls
 37313 | Elf:3    | Found Koenk's Food Shoppe.
 37326 | Elf:3    | Found Kezefurph's Food Shoppe.
 37440 | Elf:3    | Noticed an Ice Fiend
 38153 | Elf:3    | Reached skill level 22 in Shields
 38271 | Elf:3    | Found Viwkis's General Store.
 38277 | Elf:3    | Bought a scroll of enchant armour for 97 gold pieces
 38308 | Elf:3    | Found Morphis's Book Shop.
 38332 | Elf:3    | Noticed a Tzitzimitl
 39046 | Elf:3    | Identified the +3 battleaxe "Balul" {antimagic, rElec
                  | Int+4}
 39065 | Elf:3    | Identified the +1 whip of Yfiof Uch {flame, *Noise +Rage
                  | +Inv rPois}
 39065 | Elf:3    | Identified the +4 ring mail of Xeutoumn {-Cast rPois rC-
                  | Dex+6}
 39142 | Elf:3    | Identified the ring of Ephemeral Luck {rF+ rC+ rN+ Str+6}
 39149 | Elf:3    | Identified the +3 scimitar of Xyick {drain, Fragile +Blink
                  | Str+6 Int-2}
 39161 | Elf:3    | Noticed a Tzitzimitl
 39525 | Elf:3    | Reached XP level 20. HP: 117/137 MP: 20/20
 40677 | Elf:3    | Reached skill level 15 in Maces & Flails
 40767 | Elf:3    | Received a gift from Okawaru
 40818 | Elf:3    | Got a turquoise-encrusted plate armour
 40829 | Elf:3    | Identified the cursed +0 plate armour of Puqamifu {MP+9
                  | Str+7} (You found it on level 3 of the Elven Halls)
 40837 | Elf:3    | Identified the Reference Book on Sinister Arts
 40856 | Elf:3    | Got a smoking dire flail {god gift}
 40869 | Elf:3    | Identified the +0 dire flail "Fiaf" {freeze, rF+} (Okawaru
                  | gifted it to you on level 3 of the Elven Halls)
 41112 | Elf:3    | Got a pitted dagger
 41113 | Elf:3    | Identified the +1 dagger of the Absolute Madman {freeze,
                  | +Fly rPois} (You found it on level 3 of the Elven Halls)
 41182 | Elf:3    | Got a translucent hand crossbow
 41510 | Slime:1  | Entered Level 1 of the Pits of Slime
 41707 | Slime:1  | Gained mutation: Scrolls take you a little longer to read.
                  | [a shining eye]
 41831 | Slime:1  | Splashed with acid

Illustrated notes

Levels and vault maps discovered:
D:1:      saegor_arrival_simple_c, layout_loops_ring, minmay_vboxes
D:2:      minmay_recursive_quarters, layout_loops_ring, chequers_arboretum
D:3:      layout_basic, elyvilon_altar_5, minmay_misc_feat_room
D:4:      layout_basic, fedhas_altar_1, minitemple, first_ration,
          gammafunk_ghost_cemetery
D:5:      layout_rooms, lemuel_coloured_pillars_altar
D:6:      layout_layer_cave, uniq_eustachio
D:7:      layout_cave_pools
D:8:      layout_basic, grunt_temple_overflow_cloverleaf, serial_shops, shop
D:9:      layout_gridville, grunt_livestock, xom_shifter_show, uniq_pikel
D:10:     layout_layer_cave, hiddenorc1_lemuel, serial_shops,
          nicolae_shop_crystal, kennysheep_mini_moat, nicolae_shop_behind_doors,
          shop, minmay_statue_crystal_thing, uniq_erolcha
D:11:     layout_grid_maze, due_lair_maze_entry_diamond, basic_altar,
          serial_shops, shop, chequers_serial_rivers_micro_b, uniq_fannar
Temple:   minmay_temple_curvy_loop
Lair:1:   layout_cellular_growth, grunt_megastairs_5
Lair:2:   layout_long_grid, grunt_megastairs_3
Lair:3:   layout_gridlike, minmay_swamp_entry_worms,
          minmay_snake_entry_guardpost_small, gammafunk_ghost_hydra_chop
Lair:4:   layout_hall_layers
Lair:5:   layout_big_grid, beast_lair_carwin_6
Lair:6:   due_jungle_book, layout_hall_layers, slime_altar_1, minivault_19,
          hangedman_lair_unloving_vines
Swamp:1:  layout_falls_marsh, ebering_ghost_xom, nicolae_swamp_treefoil,
          swamp_pool4
Swamp:2:  layout_falls_marsh, portal_ice_cave_entry_dragon,
          evilmike_swamp_ruin_house_6, swamp_pool1, infiniplex_staircase_pool
Swamp:3:  layout_basic_swamp, gammafunk_ghost_necromancy,
          evilmike_swamp_ruin_house_1, swamp_pool1, uniq_bai_suzhen
Swamp:4:  swamp_vile, layout_basic_swamp, uniq_kirke
Snake:1:  layout_rooms, serial_shops, shop, minmay_shoptagon, uniq_azrael,
          uniq_asterion, uniq_aizul
Snake:2:  layout_chambers, minmay_shop_grove, serial_bayou_shore_b,
          lemuel_fruit_tree
Snake:3:  layout_layer_cave
Snake:4:  snake_pit, layout_cave_town, basic_altar, minmay_shop_grid_forest,
          uniq_saint_roka
Slime:1:  layout_caves
Orc:1:    layout_diamond_mine, serial_shops, shop, uniq_sonja, uniq_urug
Orc:2:    st_orc_mages, layout_diamond_mine, serial_shops, nicolae_shop_crystal,
          uniq_snorg
Elf:1:    minmay_elf_arrival_plus, layout_geoelf_grid, hangedman_elf_disciples,
          onia_ninara_cookie
Elf:2:    layout_loops_cross, gammafunk_ghost_fury_of_okawaru
Elf:3:    grunt_elf_hall_asides, layout_gridlike, serial_shops,
          nicolae_shop_behind_doors, shop, nicolae_shop_behind_doors,
          nicolae_shop_stone, corexii_leaking_fountain, drop_trap

Skill      XL: |  1  2  3  4  5  6  7  8  9 10 11 12 13 14 15 16 17 18 19 20 |
---------------+-------------------------------------------------------------+-----
Maces & Flails | 3 4 5 6 7 8 10 12 13 14 15 | 15.0
Fighting       | 4 5 6 7 9 10 12 13 14 16 17 18 | 18.6
Shields        | 5 7 9 11 13 15 17 18 20 21 22 | 22.5
Armour         | 4 5 7 8 10 11 12 13 14 15 | 15.4
Dodging        | 1 2 3 5 6 7 |  7.0
Throwing       | 1 |  1.5
Evocations     | |  0.2

Action                   |  1- 3 |  4- 6 |  7- 9 | 10-12 | 13-15 | 16-18 | 19-21 || total
-------------------------+-------+-------+-------+-------+-------+-------+-------++-------
Melee: Flail             |   131 |   251 |       |  1010 |  1588 |  1828 |   735 ||  5543
       Whip              |       |    75 |   275 |       |       |       |       ||   350
       Morningstar       |       |       |   307 |    25 |       |       |       ||   332
       Mace              |       |       |       |    38 |       |       |       ||    38
Throw: Boomerang         |       |       |       |    44 |       |       |       ||    44
       Javelin           |       |       |       |     6 |       |       |       ||     6
Invok: Heroism           |       |       |       |       |       |     1 |       ||     1
 Abil: Fly               |       |       |       |       |     1 |       |       ||     1
Evoke: Wand              |       |       |       |     3 |       |       |       ||     3
  Use: Scroll            |       |     4 |     3 |    19 |    13 |    13 |     8 ||    60
       Potion            |       |       |     2 |     7 |     4 |     5 |     4 ||    22
 Stab: Confused          |       |       |       |       |     1 |       |       ||     1
  Eat: Chunk             |     1 |     8 |    10 |    15 |    11 |     2 |     6 ||    53
       Ration            |       |       |     2 |     3 |     7 |     9 |     6 ||    27
Armor: Scale mail        |    87 |   192 |   139 |     1 |       |       |       ||   419
       Plate armour      |       |       |   171 |   673 |  1008 |  1101 |    45 ||  2998
       Skin              |       |       |       |     2 |       |       |       ||     2
       Ring mail         |       |       |       |       |       |   188 |   384 ||   572
Dodge: Dodged            |    46 |    89 |   131 |   245 |   448 |   591 |   216 ||  1766
Block: Kite shield       |    74 |   199 |   259 |   688 |   925 |       |       ||  2145
       Buckler           |       |       |       |       |   100 |  1188 |   517 ||  1805
       Tower shield      |       |       |       |       |       |   134 |       ||   134
       Reflection        |       |       |       |       |       |   139 |    48 ||   187
